 Dungeon Crawl Stone Soup version 0.31-a0-198-g2ad674f65e (webtiles) character file.

Game seed: 17096132664972165539

16 qw the Shooter (level 2, -2/16 HPs)
             Began as a Deep Elf Hunter on June 25, 2023.
             Succumbed to their own poison gas
             ... on level 1 of the Dungeon.
             The game lasted 00:00:11 (395 turns).

qw the Shooter (Deep Elf Hunter)                     Turns: 395, Time: 00:00:11

Health: -2/16      AC:  7    Str:  8    XL:     2   Next: 41%
Magic:  4/4        EV:  8    Int: 13    God:
Gold:   40         SH:  0    Dex: 18    Spells: 1/1 levels left

rFire   . . .        Y - +0 shortbow
rCold   . . .        (shield currently unavailable)
rNeg    . . .        e - +0 scale mail
rPois   .            (no helmet)
rElec   .            d - +0 cloak
rCorr   .            (no gloves)
SInv    .            (no boots)
Will    .....        (no amulet)
Stlth   +            (no ring)
HPRegen 0.22/turn    (no ring)
MPRegen 0.09/turn

%: no passive effects
@: lethally poisoned (-2 -> -15)
A: no striking features
a: no special abilities


You were on level 1 of the Dungeon.
You visited 1 branch of the dungeon, and saw 1 of its levels.

You collected 40 gold pieces.


   Skills:
 - Level 1.5 Fighting
 + Level 6.2 Ranged Weapons
 - Level 2.4 Dodging
 - Level 1.2 Stealth


You had one spell level left.
You didn't know any spells.
Your spell library was empty.

Inventory:

Hand Weapons
 Y - a +0 shortbow (weapon)
Armour
 d - a +0 cloak (worn)
 e - a +0 scale mail (worn)
Potions
 i - a potion of mutation {unknown}
 j - a potion of ambrosia {unknown}

Dungeon Overview and Level Annotations

Branches:
Dungeon (1/15)

Altars:


Message History

Really abort (and waste the scroll)?
Done exploring.
390 ||| READING scroll labelled YVOUNO EBLACEM.
The air fills with toxic fumes!
As you read the scroll labelled YVOUNO EBLACEM, it crumbles to dust.
It was a scroll of poison.
Done exploring.
391 ||| READING scroll labelled UHOUR CIARAVIC.
As you read the scroll labelled UHOUR CIARAVIC, it crumbles to dust.
You hear a loud clanging noise!
It was a scroll of noise.
Done exploring.
392 ||| DROPPING scroll of butterflies.
You drop a scroll of butterflies.
Done exploring.
(D) Dungeon
Where to? (* - list waypoints, ? - help)
What level of the Dungeon? (default 1, ? - help) Sorry, I don't know how to get there.
Enter note:
Enter note:
Enter note:
Enter note:
Enter note:
Enter note:
Enter note:
Enter note:
Enter note:
Enter note:
Enter note:
Enter note: Really walk into that cloud of poison gas?
You are engulfed in poison gas.
You are lethally poisoned!
You feel very sick.
394 ||| Stepping ~*~*~tactically~*~*~ (cloud).
You feel very sick.
Things that are here:
a scroll of butterflies; a +0 leather armour
There is a lethal amount of poison in your body!
You die...

#.~~~# ~.~PP# P.~~P# ~.~~~#
.~...# ########### .P~.~#
#¤¤¤¤¤0¤¤¤# ####+# #¤¤0¤¤¤¤¤¤#
######## ##...# ##¤¤¤¤¤¤¤¤¤#
#....... ...### #¤¤¤¤¤¤@¤¤¤#
#....... ##.# ##¤¤¤¤¤¤¤¤¤#
#..>.... #.###
#¤0¤¤¤¤¤¤¤######....... #...#
#¤¤¤¤¤¤¤¤¤#...##....... ###.#
#¤¤¤¤¤¤¤¤¤#...##....... #.#
#¤¤0¤¤¤¤¤¤#...#..)..... #.#
#¤¤¤¤¤¤¤¤0#............
#.######.##..##....#..........
#...........###....#.#........


There were no monsters in sight!

Vanquished Creatures
  A dart slug (D:1)
  A ball python (D:1)
  2 endoplasms (D:1)
  3 giant cockroaches (D:1)
  2 goblins (D:1)
  A bat (D:1)
  3 rats (D:1)
13 creatures vanquished.

Notes
Turn   | Place    | Note
-------+----------+-------------------------------------------
     0 | D:1      | qw the Deep Elf Hunter began the quest for the Orb.
     0 | D:1      | Reached XP level 1. HP: 12/12 MP: 3/3
     0 | D:1      | 0 ||| qw: Version: 0.3-a-22-g0ed2b0b
     0 | D:1      | 0 ||| qw: Game counter: 5422
     0 | D:1      | 0 ||| qw: Melee chars always use a shield: true
     0 | D:1      | 0 ||| qw: God list: Okawaru
     0 | D:1      | 0 ||| qw: Allow faded altars: false
     0 | D:1      | 0 ||| qw: Do Orc after clearing Dungeon:15 true
     0 | D:1      | 0 ||| qw: Do second Lair branch before Depths: true
     0 | D:1      | 0 ||| qw: Lair rune preference: random
     0 | D:1      | 0 ||| qw: Goals: Normal
     0 | D:1      | 0 ||| PLANNING D:1-11
   121 | D:1      | Reached skill level 6 in Ranged Weapons
   121 | D:1      | Reached XP level 2. HP: 16/16 MP: 4/4
   373 | D:1      | 373 ||| UPGRADING to +0 cloak.
   378 | D:1      | 378 ||| UPGRADING to +0 scale mail.
   388 | D:1      | 388 ||| DROPPING +0 leather armour.
   389 | D:1      | 389 ||| READING scroll labelled ROUGODOYMA.
   390 | D:1      | 390 ||| READING scroll labelled YVOUNO EBLACEM.
   391 | D:1      | 391 ||| READING scroll labelled UHOUR CIARAVIC.
   392 | D:1      | 392 ||| DROPPING scroll of butterflies.
   393 | D:1      | HP: 4/16 [poisoned by you (poison gas)]
   394 | D:1      | 394 ||| Stepping ~*~*~tactically~*~*~ (cloud).
   394 | D:1      | HP: 1/16 [poisoned by you (poison gas)]
   395 | D:1      | Succumbed to their own poison gas

Levels and vault maps discovered:
D:1:      lightli_arrival_flooded_house, layout_rooms

Skill      XL: |  1 |
---------------+----+-----
Ranged Weapons | 6 |  6.2
Fighting       | |  1.5
Dodging        | |  2.4
Stealth        | |  1.2

Action                     || total
---------------------------++-------
   Fire: Shortbow          ||    27
    Use: Scroll            ||     3
  Dodge: Dodged            ||     2

Table legend:
 A = Non-vault XP
 B = Vault XP
 C = Vault XP percentage of total XP
 D = Non-vault monster count
 E = Vault monster count
 F = Vault count percentage of total count
                 A         B        C        D         E       F
            +---------+---------+-------+---------+---------+-------
      Total |      24 |       0 |   0.0 |      13 |       0 |   0.0
            +---------+---------+-------+---------+---------+-------
        D:1 |      24 |       0 |   0.0 |      13 |       0 |   0.0
            +---------+---------+-------+---------+---------+-------
